 Dungeon Crawl Stone Soup version 0.19-a0-1341-g3513869 (webtiles) character file.

143 st0uf the Digger (level 5, -2/45 HPs)
             Began as a Troll Earth Elementalist on Sept 1, 2016.
             Slain by a gnoll
             ... wielding a +0 flail
              (13 damage)
             ... on level 2 of the Dungeon.
             The game lasted 00:07:51 (1428 turns).

st0uf the Digger (Troll Earth Elementalist)         Turns: 1428, Time: 00:07:52

Health: -2/45      AC:  5    Str: 16    XL:     5   Next: 4%
Magic:  8/8        EV: 10    Int: 12    God:
Gold:   41         SH:  0    Dex: 10    Spells: 1 memorised, 8 levels left

rFire  . . .     SeeInvis .     (no weapon)
rCold  + . .     Gourm    +     c - +0 robe
rNeg   . . .     Faith    .     (no shield)
rPois  .         Spirit   .     (helmet restricted)
rElec  .         Dismiss  .     (no cloak)
rCorr  .         Reflect  .     (gloves unavailable)
MR     .....     Harm     .     (boots unavailable)
Stlth  +.........               m - amulet of magic regeneration
                                (no ring)
                                o - ring of protection from cold

@: no status effects
A: unfitting armour, claws 3, fast metabolism 3, gourmand, regeneration 1,
shaggy fur 1, tough skin 2
a: no special abilities


You were on level 2 of the Dungeon.
You were very full.

You visited 1 branch of the dungeon, and saw 2 of its levels.

You collected 41 gold pieces.

Inventory:

Missiles
 b - 28 stones (quivered)
Armour
 c - a +0 robe (worn)
Jewellery
 m - an amulet of magic regeneration (around neck)
 o - a ring of protection from cold (left claw)
Scrolls
 a - 2 scrolls of remove curse {unknown}
 g - 2 scrolls of amnesia {unknown}
 h - a scroll of teleportation {unknown}
 i - 2 scrolls of magic mapping {unknown}
 j - 3 scrolls of identify {unknown}
 k - a scroll of recharging {unknown}
Potions
 f - 2 potions of curing {unknown}
 l - 2 potions of might {unknown}
Books
 e - a book of Geomancy

   Spells                             Type                      Level
   a - Sandblast                      Earth                        1
   b - Passwall                       Transmutation/Earth          2
   c - Stone Arrow                    Conjuration/Earth            3
   d - Petrify                        Transmutation/Earth          4
   e - Lee's Rapid Deconstruction     Earth                        5
Comestibles
 d - 3 bread rations
 n - a royal jelly


   Skills:
 - Level 1.5 Dodging
 - Level 1.1 Stealth
 * Level 2.8 Spellcasting
   Level 0.6 Transmutations
 + Level 3.6 Earth Magic


You had 8 spell levels left.
You knew the following spells:

 Your Spells              Type           Power        Failure   Level  Hunger
a - Sandblast             Erth           ##....       8%          1    #......


Dungeon Overview and Level Annotations

Branches:
Dungeon (2/15)

Altars:
Ashenzari
Yredelemnul


Innate Abilities, Weirdness & Mutations

You are too large for most types of armour.
You have claws for hands.
Your metabolism is lightning-fast.
You like to eat raw meat.
Your natural rate of healing is unusually fast.
You are covered in fur. (AC +1)
You have very tough skin. (AC +2)


Message History

The gnoll is almost dead.
The gnoll hits you with a flail.
* * * LOW HITPOINT WARNING * * *
You barely miss the gnoll.
The gnoll is almost dead.
The gnoll misses you.
You closely miss the gnoll.
The gnoll is almost dead.
The gnoll hits you with a flail!
* * * LOW HITPOINT WARNING * * *
You see here a rat skeleton.
There is a stone staircase leading up here.
A kobold comes into view. It is wielding a trident.
The kobold moves out of view.
You barely miss the gnoll.
The gnoll is almost dead.
You barely miss the gnoll.
The gnoll is almost dead.
The gnoll hits you with a flail!
You die...

### ########### #.# #.....<....
#.# #.########. ####### #.#### #.#
##.. ......# #....# #.# ##..#
......# #.##.## #>## ##..#.
......# #.##..# ######..###..##.
......####.###.##................
......รท.<.....Kg@.######.##..###.
......###.####.#### #......## #.
#..##.###.####...# #.#.########
8..8#K#.[........#####.#..)##....
.........#.........##..###....###
.>...##.................####..###
8..8###.##.......###.............
#..## #.##...................####
...# #######..##...##.....#


You could see a gnoll and a kobold.

Vanquished Creatures
  A crimson imp (D:1)
  3 gnolls (D:2)
  An adder (D:1)
  A worm (D:2)
  2 dart slugs
  5 giant geckos
  2 ball pythons
  2 giant cockroaches (D:1)
  7 goblins
  5 hobgoblins
  12 jackals
  5 kobolds
  8 bats
  2 rats
56 creatures vanquished.

Notes
Turn   | Place    | Note
-------+----------+-------------------------------------------
     0 | D:1      | st0uf the Troll Earth Elementalist began the quest for the Orb.
     0 | D:1      | Reached XP level 1. HP: 16/16 MP: 1/1
   294 | D:1      | Reached XP level 2. HP: 24/24 MP: 3/3
   425 | D:1      | Reached skill level 3 in Earth Magic
   473 | D:1      | Reached XP level 3. HP: 31/31 MP: 5/5
   817 | D:1      | Reached XP level 4. HP: 37/39 MP: 6/6
   864 | D:1      | Found a shattered altar of Ashenzari.
  1277 | D:2      | Found a basalt altar of Yredelemnul.
  1393 | D:2      | Reached XP level 5. HP: 14/45 MP: 8/8
  1428 | D:2      | Slain by a gnoll

Vault maps used:
D:1:      saegor_arrival_miasma, minmay_stone_trees_medium,
          evilmike_ruin_ashenzari
D:2:      nicolae_overflow_crystal_walls, st_stairs_6, minmay_hexomino_c4

Skill      XL: |  1  2 |
---------------+-------+-----
Spellcasting   | 2 |  2.8
Earth Magic    | 3 |  3.6
Dodging        | |  1.5
Stealth        | |  1.1
Transmutations | |  0.6

Action                   |  1- 3 |  4- 6 || total
-------------------------+-------+-------++-------
Melee: Unarmed           |   117 |   133 ||   250
 Cast: Sandblast         |     2 |       ||     2
 Stab: Sleeping          |     2 |       ||     2
  Eat: Chunk             |    13 |     5 ||    18
Armor: Robe              |    57 |    52 ||   109
Dodge: Dodged            |    69 |    88 ||   157
